 Dungeon Crawl Stone Soup version 5.6-49-g8abd877 (webtiles) character file.

1418 ryzol the Covert (level 10, -2/70 HPs)
             Began as a Spriggan Enchanter on Oct 11, 2018.
             Was a Priest of Dithmenos.
             Slain by a yak (6 damage)
             ... on level 9 of the Dungeon.
             The game lasted 00:48:39 (8649 turns).

ryzol the Covert (Spriggan Enchanter)               Turns: 8649, Time: 00:48:39

Health: -2/70      AC: 25 (48%)Str:  4  XL:     10   Next: 1%
Magic:  18/18      EV:  4    Int: 17    God:    Dithmenos [3*[75]]
Gold:   439        SH:  0    Dex: 20    Spells: 6/18 levels left

rFire    . . .     SeeInvis +   l - +0 dagger (vamp)
rCold    . . .     Faith    .   (shield restricted)
rNeg     + + +     Spirit   .   (armour currently unavailable)
rPois    +         Reflect  .   (helmet currently unavailable)
rElec    .         NoTele   +   (cloak currently unavailable)
rCorr    .                      (gloves unavailable)
MR       +....                  (boots unavailable)
Stlth    +++++++++.             C - amulet of regeneration
Regen    0.7/turn               g - ring of wizardry
MPRegen  0.5/turn               (no ring)

@: exhausted, tree-form, slowed, wreathed by umbra, very slow
A: unfitting armour, see invisible
a: Shadow Step, Renounce Religion


You were on level 9 of the Dungeon.
You worshipped Dithmenos.
Dithmenos was most pleased with you.
You were not hungry.
You were a tree.
You visited 1 branch of the dungeon, and saw 9 of its levels.

You collected 439 gold pieces.

Inventory:

Hand Weapons
 l - a +0 vampiric dagger (weapon)
 m - a +3 dagger
 p - a +0 rapier of freezing
 z - a +0 flail of holy silver
 A - the +6 quarterstaff of Entrepreneurial Spirit {freeze, *Rage rC+ rN+++}
   (You found it on level 8 of the Dungeon)

   It has been specially enchanted to freeze those struck by it, causing extra
   injury to most foes and up to half again as much damage against particularly
   susceptible opponents.
   It can also slow down cold-blooded creatures.
   It protects you from cold.
   It renders you almost immune to negative energy.
   It may make you go berserk in combat.
Missiles
 h - 29 frenzy darts
 j - 98 tomahawks (quivered)
Armour
 b - a +1 robe (melded)
Magical Staves
 r - an uncursed staff of fire
Jewellery
 d - an uncursed ring of ice
 g - a ring of wizardry (left branch)
 B - an uncursed ring of fire
 C - an amulet of regeneration (around neck)
Wands
 q - a wand of disintegration (11)
 t - a wand of clouds (4)
Scrolls
 a - a scroll of fear
 c - 2 scrolls of enchant armour
 i - 5 scrolls of teleportation
 k - 3 scrolls of magic mapping
 x - 2 scrolls of blinking
 y - a scroll of silence
Potions
 e - 3 potions of heal wounds
 n - 3 potions of lignification
 o - 3 potions of ambrosia
 s - 2 potions of magic
 u - a potion of augmentation
 v - a potion of flight
 w - a potion of haste


   Skills:
 + Level 2.6 Fighting
 + Level 5.9 Blades
 + Level 0.8 Throwing
 + Level 9.6 Dodging
 + Level 13.3 Stealth
 + Level 9.0 Hexes
 + Level 0.8 Fire Magic
 - Level 2.5 Ice Magic


You had 6 spell levels left.
You knew the following spells:

 Your Spells              Type           Power        Failure   Level  Hunger
a - Corona                Hex            30 (90)      1%          1    N/A
b - Ensorcelled Hibernat  Hex/Ice        19 (50)      1%          2    N/A
c - Confuse               Hex            30 (100)     1%          3    N/A
d - Dazzling Spray        Hex/Fire       16 (50)      4%          3    N/A
e - Tukima's Dance        Hex            30 (100)     1%          3    N/A

Your spell library contained the following spells:

 Spells                   Type           Power        Failure   Level  Hunger
 Summon Horrible Things   Summ           0 (200)      100%        8    N/A
 Summon Greater Demon     Summ           0 (200)      100%        7    N/A
 Monstrous Menagerie      Summ           0 (200)      100%        7    N/A
 Malign Gateway           Summ/Tloc      0 (200)      100%        7    N/A
 Beastly Appendage        Tmut           0 (50)       10%         1    N/A

Dungeon Overview and Level Annotations

Branches:
Dungeon (9/15)

Altars:
Cheibriados
Dithmenos
Elyvilon
Gozag
Jiyva
Kikubaaqudgha
Lugonu
Makhleb
Nemelex Xobeh
Okawaru
Qazlal
Ru
Sif Muna
Trog
Uskayaw
Vehumet
Wu Jian
Xom
Yredelemnul
Zin
The Shining One


Innate Abilities, Weirdness & Mutations

You are tiny and cannot use many weapons and most armour.
You have supernaturally acute eyesight. (SInv)
((You cover ground extremely quickly.))


Message History

You cannot teleport because you are held in place by your roots.
You hit the yak (1).
You feel better.
The yak is heavily wounded.
The yak gores you (10)!
* * * LOW HITPOINT WARNING * * *
The yak gores you but does no damage. x2
You hit the yak but do no damage.
The yak is heavily wounded.
The yak gores you but does no damage. x4; The yak barely misses you.
The yak gores you but does no damage.
You hit the yak but do no damage.
The yak is heavily wounded.
The yak gores you but does no damage. The yak barely misses you.
The yak gores you but does no damage.
You hit the yak but do no damage.
The yak is heavily wounded.
The yak gores you but does no damage. The yak gores you (2).
* * * LOW HITPOINT WARNING * * *
The yak gores you (6).
You die...

###############
.....Y.♣Y......
......Y.Y......
...............
...............
...............
...............
...............
...............


You could see 4 yaks.

Vanquished Creatures
  A rime drake (D:8)
  A yak (D:9)
  Eustachio (D:4)
  A water moccasin (D:5)
  A spiny frog zombie (D:7)
  A black bear (D:7)
  3 orc warriors
  An ice beast (D:5)
  A phantom (D:6)
  6 ogres
  A gnoll sergeant (D:6)
  A bullfrog (D:8)
  2 wyvern zombies
  5 orc priests
  3 scorpions
  A water moccasin skeleton (D:7)
  3 crimson imps (D:7)
  6 killer bees (D:9)
  3 howler monkeys
  A wasp zombie (D:7)
  A jelly (D:6)
  2 quasits
  2 hounds
  An iron imp (D:6)
  A centaur zombie (D:6)
  2 centaur skeletons
  3 worker ants
  8 orc wizards
  2 iguanas
  4 adders
  8 gnolls
  A shadow imp (D:7)
  3 oozes
  4 dart slugs
  22 orcs
  7 quokkas
  4 giant cockroaches
  9 goblins
  15 hobgoblins
  6 jackals
  16 kobolds
  6 bats
  4 frilled lizards
  4 rats
178 creatures vanquished.

Vanquished Creatures (collateral kills)
  An orc wizard (D:3)
  An adder (D:3)
  An orc (D:3)
  A frilled lizard (D:3)
4 creatures vanquished.

Vanquished Creatures (others)
  A human (D:6)
1 creature vanquished.

Grand Total: 183 creatures vanquished

Notes
Turn   | Place    | Note
-------+----------+-------------------------------------------
     0 | D:1      | ryzol the Spriggan Enchanter began the quest for the Orb.
     0 | D:1      | Reached XP level 1. HP: 9/9 MP: 3/3
    31 | D:1      | Reached skill level 5 in Hexes
   108 | D:1      | Reached XP level 2. HP: 7/13 MP: 1/5
   616 | D:1      | Learned a level 2 spell: Ensorcelled Hibernation
   662 | D:1      | Reached XP level 3. HP: 10/16 MP: 1/6
   782 | D:1      | Reached skill level 5 in Stealth
   790 | D:1      | Learned a level 3 spell: Confuse
  1398 | D:2      | Found a shimmering altar of Xom.
  1481 | D:2      | Found a stormy altar of Qazlal.
  1506 | D:2      | Reached XP level 4. HP: 21/21 MP: 0/8
  1933 | D:2      | Found a radiant altar of Vehumet.
  2108 | D:3      | Reached skill level 6 in Stealth
  2122 | D:3      | Found a shadowy altar of Dithmenos.
  2124 | D:3      | Noticed an orc warrior
  2138 | D:3      | Reached XP level 5. HP: 24/24 MP: 7/10
  2188 | D:3      | Became a worshipper of Dithmenos the Shadowed
  2264 | D:3      | Found a viscous altar of Jiyva.
  2264 | D:3      | Found an ancient bone altar of Kikubaaqudgha.
  2393 | D:3      | Reached skill level 7 in Stealth
  2395 | D:3      | Learned a level 3 spell: Dazzling Spray
  2413 | D:3      | Found a bloodstained altar of Trog.
  2490 | D:3      | Reached XP level 6. HP: 29/29 MP: 4/11
  2551 | D:3      | Killed an orc warrior
  2551 | D:3      | Reached skill level 1 in Ice Magic
  2580 | D:3      | Reached skill level 5 in Dodging
  2901 | D:4      | Reached skill level 1 in Fighting
  2901 | D:4      | Reached skill level 8 in Stealth
  3013 | D:4      | Reached XP level 7. HP: 33/33 MP: 8/13
  3378 | D:4      | Found a deep blue altar of Sif Muna.
  3392 | D:4      | Got Sif Muna's Volume of Transformation
  3592 | D:4      | Reached * piety under Dithmenos
  3708 | D:4      | Found a sacrificial altar of Ru.
  3785 | D:4      | Found a glowing silver altar of Zin.
  3985 | D:4      | Noticed Eustachio
  3992 | D:4      | Killed Eustachio
  3992 | D:4      | Reached skill level 9 in Stealth
  4253 | D:5      | Entered Level 5 of the Dungeon
  4272 | D:5      | Noticed a hand axe
  4274 | D:5      | Found a hide-covered altar of Uskayaw.
  4274 | D:5      | Noticed a hand axe
  4299 | D:5      | Reached XP level 8. HP: 37/37 MP: 15/15
  4469 | D:5      | Found an ornate altar of the Wu Jian Council.
  4518 | D:5      | Reached skill level 10 in Stealth
  4578 | D:5      | Found an opulent altar of Gozag.
  4758 | D:5      | Found an iron altar of Okawaru.
  4782 | D:5      | Found a sparkling altar of Nemelex Xobeh.
  5434 | D:6      | Reached ** piety under Dithmenos
  6096 | D:6      | Found a glowing golden altar of the Shining One.
  6238 | D:6      | Reached skill level 11 in Stealth
  6278 | D:6      | Found a basalt altar of Yredelemnul.
  6410 | D:6      | Found a snail-covered altar of Cheibriados.
  6753 | D:6      | Found an ancient bone altar of Kikubaaqudgha.
  6772 | D:6      | Reached XP level 9. HP: 42/42 MP: 16/16
  7036 | D:7      | Found a white marble altar of Elyvilon.
  7097 | D:7      | Reached skill level 5 in Blades
  7598 | D:7      | Found a burning altar of Makhleb.
  7618 | D:7      | Found a corrupted altar of Lugonu.
  7820 | D:8      | Reached skill level 12 in Stealth
  7839 | D:8      | Noticed a rime drake
  7841 | D:8      | Killed a rime drake
  8212 | D:8      | Reached skill level 13 in Stealth
  8277 | D:8      | Got the +6 quarterstaff of Entrepreneurial Spirit {freeze, *Rage rC+ rN+++}
  8519 | D:8      | Learned a level 3 spell: Tukima's Dance
  8631 | D:9      | Reached *** piety under Dithmenos
  8631 | D:9      | Reached XP level 10. HP: 38/47 MP: 12/18
  8649 | D:9      | Slain by a yak

Skill      XL: |  1  2  3  4  5  6  7  8  9 |
---------------+----------------------------+-----
Hexes          | 5 6 7 8 9 |  9.0
Stealth        | 5 6 7 8 9 11 13 | 13.3
Blades         | 2 3 4 5 |  5.9
Dodging        | 4 5 6 7 9 |  9.6
Ice Magic      | 1 2 |  2.5
Fighting       | 1 2 |  2.6
Throwing       | |  0.8
Fire Magic     | |  0.8

Action                   |  1- 3 |  4- 6 |  7- 9 | 10-12 || total
-------------------------+-------+-------+-------+-------++-------
Melee: Dagger            |   132 |   130 |   559 |    18 ||   839
Throw: Frenzy dart       |       |     1 |       |       ||     1
       Tomahawk          |       |       |     5 |       ||     5
 Cast: Corona            |    15 |     6 |    18 |       ||    39
       Ensorcelled Hiber |    16 |    16 |    54 |       ||    86
       Confuse           |       |     5 |    14 |       ||    19
       Dazzling Spray    |       |     1 |    11 |       ||    12
Invok: Shadow Step       |       |       |     1 |       ||     1
  Use: Potion            |       |       |     4 |       ||     4
 Stab: Sleeping          |    18 |    21 |    60 |       ||    99
       Distracted        |     2 |       |     2 |       ||     4
       Confused          |       |     2 |    10 |       ||    12
       Invisible         |       |       |     3 |       ||     3
Armor: Robe              |    17 |    12 |    14 |       ||    43
       Skin              |       |       |    66 |    29 ||    95
Dodge: Dodged            |   110 |    87 |   450 |     8 ||   655
